 Dungeon Crawl Stone Soup version 0.22-a0-525-gf69a080 (console) character file.

17 royokou the Skirmisher (level 2, 27/27 HPs)
             Began as a Hill Orc Berserker on June 20, 2018.
             Was a Follower of Trog.
             Quit the game on level 1 of the Dungeon.
             The game lasted 00:10:53 (415 turns).

royokou the Skirmisher (Hill Orc Berserker)          Turns: 415, Time: 00:10:53

Health: 27/27      AC:  6    Str: 19    XL:     2   Next: 62%
Magic:  2/2        EV: 11    Int:  7    God:    Trog [*.....]
Gold:   11         SH:  0    Dex: 10    Spells: 1/1 levels left

rFire    . . .     SeeInvis .   a - +0 falchion
rCold    . . .     Gourm    .   (no shield)
rNeg     . . .     Faith    .   e - +0 ring mail
rPois    .         Spirit   .   (no helmet)
rElec    .         Reflect  .   (no cloak)
rCorr    .         Harm     .   (no gloves)
MR       .....                  d - +0 pair of boots
Stlth    ..........             (no amulet)
HPRegen  0.09/turn              (no ring)
MPRegen  0.08/turn              (no ring)

@: no status effects
A: no striking features
a: Berserk, Renounce Religion


You were on level 1 of the Dungeon.
You worshipped Trog.
Trog was aware of your devotion.
You were not hungry.

You visited 1 branch of the dungeon, and saw 1 of its levels.

You collected 11 gold pieces.

Inventory:

Hand Weapons
 a - a +0 falchion (weapon)
 i - a +0 club
Missiles
 g - 19 bolts
 k - 16 stones (quivered)
Armour
 b - a +0 animal skin
 d - a +0 pair of boots (worn)
 e - a +0 ring mail (worn)
Scrolls
 h - a scroll of blinking {unknown}
 j - 2 scrolls of identify {unknown}
Potions
 f - a potion of heal wounds {unknown}
Comestibles
 c - 2 rations


   Skills:
 + Level 4.0 Fighting
 + Level 3.8 Long Blades
 + Level 2.3 Armour
 + Level 1.7 Dodging


You had one spell level left.
You didn't know any spells.
Your spell library was empty.

Dungeon Overview and Level Annotations

Branches:
Dungeon (1/15)

Altars:


Message History

i - a club
Found a scroll labeled TEXTUSM GACEAS.
Found a stone staircase leading down.
j - a scroll labeled TEXTUSM GACEAS
Found a scroll labeled TEXTUSM GACEAS.
j - 2 scrolls labeled TEXTUSM GACEAS (gained 1)
Found 16 stones.
You see here 16 stones.
Welcome back, royokou the Hill Orc Berserker.
Trog says: Kill them all!
Press ? for a list of commands and other information.
You see here 16 stones.
You see here 16 stones.
k - 16 stones Adjust (i)tems, (s)pells, or (a)bilities?
Okay, then.
Unknown command.
Okay, then.
Clearing level map.
Are you sure you want to abandon this character and quit the game? (Confirm with "yes".)

.....##.....# #.##.#
####.##.....# #.##.#
.....######## #.##>#
################.##.##.#
#######................#
................###.####
##.####..#####..# #.#
##.##.#..#####..###.#
................@...#
##.##.#..#####..#####
...####..#####..#
##..............#
#######.........# #
########### # # #


There were no monsters in sight!

Vanquished Creatures
  An ooze (D:1)
  A goblin (D:1)
  A hobgoblin (D:1)
  3 jackals (D:1)
  4 bats (D:1)
  A frilled lizard (D:1)
  A kobold (D:1)
12 creatures vanquished.

Notes
Turn   | Place    | Note
-------+----------+-------------------------------------------
     0 | D:1      | royokou the Hill Orc Berserker began the quest for the Orb.
     0 | D:1      | Reached XP level 1. HP: 19/19 MP: 1/1
    92 | D:1      | Reached XP level 2. HP: 27/27 MP: 2/2
   289 | D:1      | Reached skill level 4 in Fighting
   415 | D:1      | Quit the game

Vault maps used:
D:1:      elethiomel_arrival_infinity_welcomes_careful_drivers,
          minmay_misc_feat_chi

Skill      XL: |  1  2 |
---------------+-------+-----
Fighting       | 4 |  4.0
Long Blades    | |  3.8
Armour         | |  2.3
Dodging        | |  1.7

Action                   || total
-------------------------++-------
Melee: Falchion          ||    34
Armor: Animal skin       ||    13
       Ring mail         ||    10
Dodge: Dodged            ||    38
       Rpst.: Falchion   ||    10

Table legend:
 A = Spawn XP
 B = Non-spawn XP
 C = Spawn XP percentage of total XP
 D = Spawn monster count
 E = Non-spawn monster count
 F = Spawn count percentage of total count
 G = Total turns spent on level
                    A         B        C        D         E        F      G
               +---------+---------+-------+---------+---------+-------+---------
         Total |       0 |      25 |   0.0 |       0 |      12 |   0.0 |   415
               +---------+---------+-------+---------+---------+-------+---------
           D:1 |       0 |      25 |   0.0 |       0 |      12 |   0.0 |   415
               +---------+---------+-------+---------+---------+-------+---------
